 Dungeon Crawl Stone Soup version 0.29-a0-994-gc5c9f59d18 (webtiles) character file.

Game seed: 15302906792192916132

44459 Alarak the Eclecticist (level 13, -20/63 HPs)
             Began as a Deep Elf Conjurer on Aug 3, 2022.
             Was a High Priest of Vehumet.
             Demolished by a cane toad (49 damage)
             ... on level 5 of the Lair of Beasts.
             The game lasted 01:38:51 (21283 turns).

Alarak the Eclecticist (Deep Elf Conjurer)         Turns: 21283, Time: 01:38:52

Health: -20/63     AC:  5    Str:  8    XL:     13   Next: 96%
Magic:  31/37      EV:  2    Int: 33    God:    Vehumet [*****.]
Gold:   1347       SH:  0    Dex: 13    Spells: 20/48 levels left

rFire   + . .      SeeInvis .   N - staff of conjuration
rCold   + . .      Faith    .   (no shield)
rNeg    . . .      Spirit   .   k - +0 robe of Indecent Exposure {Str+4 Int+4}
rPois   +          Reflect  .   j - +0 helmet
rElec   .          Harm     .   i - scarf {rC+ rF+}
rCorr   .          Rampage  .   Z - +0 pair of gloves
Will    +....                   Y - +0 pair of boots
Stlth   ++........              t - amulet of magic regeneration
HPRegen 0.20/turn               U - ring of wizardry
MPRegen 0.65/turn               e - ring of poison resistance

@: sleeping
A: no striking features
a: Renounce Religion


You were on level 5 of the Lair of Beasts.
You worshipped Vehumet.
Vehumet was extremely pleased with you.
You visited 3 branches of the dungeon, and saw 19 of its levels.

You collected 1347 gold pieces.

Inventory:

Armour
 i - a scarf of resistance (worn)
 j - a +0 helmet (worn)
 k - the +0 robe of Indecent Exposure (worn) {Str+4 Int+4}
   (You found it on level 12 of the Dungeon)

   Str:       It affects your strength (+4).
   Int:       It affects your intelligence (+4).
 x - a +0 robe of positive energy
 A - +1 steam dragon scales
 F - a +1 robe of fire resistance
 Y - a +0 pair of boots (worn)
 Z - a +0 pair of gloves (worn)
Magical Staves
 N - a staff of conjuration (weapon)
Jewellery
 e - a ring of poison resistance (right hand)
 t - an amulet of magic regeneration (around neck)
 D - a +4 ring of evasion
 H - a ring of willpower
 I - the amulet of Megalomania {rElec Regen+ Str+2 Dex+2 SInv}
   (You found it on level 9 of the Dungeon)

   [amulet of regeneration]

   Str:       It affects your strength (+2).
   Dex:       It affects your dexterity (+2).
   rElec:     It insulates you from electricity.
   SInv:      It lets you see invisible.
   Regen:     It increases your rate of health regeneration.
 Q - a ring of fire
 R - a ring of protection from cold
 U - a ring of wizardry (left hand)
 V - a +4 ring of protection
Wands
 d - a wand of charming (11)
 p - a wand of flame (15)
 q - a wand of polymorph (28)
 r - a wand of iceblast (18)
 M - a wand of light (9)
Scrolls
 a - 2 scrolls of amnesia
 f - 4 scrolls of butterflies
 h - 6 scrolls of teleportation
 m - 2 scrolls of fear
 y - 2 scrolls of enchant armour
 G - 2 scrolls of enchant weapon
 S - 2 scrolls of identify
 T - a scroll of blinking
Potions
 b - 2 potions of magic
 c - 3 potions of might
 g - 11 potions of curing
 l - 3 potions of mutation
 n - a potion of resistance
 o - 5 potions of invisibility
 u - 2 potions of degeneration
 v - 4 potions of lignification
 B - 4 potions of flight
 C - 2 potions of haste
 O - 2 potions of brilliance


   Skills:
 - Level 9.3 Dodging
 - Level 2.4 Stealth
 - Level 18.1 Spellcasting
 + Level 16.6 Conjurations
 - Level 8.8 Hexes
 - Level 5.5 Translocations
 - Level 2.6 Ice Magic
 - Level 8.1 Poison Magic


You had 20 spell levels left.
You knew the following spells:

 Your Spells              Type           Power      Damage    Failure   Level
a - Magic Dart            Conj           100%       1d8       0%          1
b - Fulminant Prism       Conj/Hex       53%        3d23      1%          4
c - Stone Arrow           Conj/Erth      100%       3d13      1%          3
d - Mephitic Cloud        Conj/Pois/Air  90%        N/A       1%          3
e - Iskenderun's Mystic   Conj/Tloc      100%       2d19      1%          4
f - Ignite Poison         Fire/Tmut/Pois 47%        N/A       1%          3
g - Olgreb's Toxic Radia  Pois           70%        N/A       1%          4
h - Starburst             Conj/Fire      45%        6d13      1%          6

Your spell library contained the following spells:

 Spells                   Type           Power      Damage    Failure   Level
 Searing Ray              Conj           100%       2d8       0%          2
 Dazzling Flash           Conj/Hex       100%       N/A       0%          3
 Apportation              Tloc           100%       N/A       1%          1
 Sandblast                Erth           58%        2d13      1%          1
 Sting                    Tmut/Pois      100%       1d8       1%          1
 Passwall                 Tmut/Erth      24%        N/A       1%          2
 Poisonous Vapours        Pois/Air       100%       N/A       1%          2
 Sublimation of Blood     Necr           29%        N/A       1%          2
 Call Canine Familiar     Summ           29%        N/A       1%          3
 Portal Projectile        Hex/Tloc       100%       N/A       1%          3
 Tukima's Dance           Hex            73%        N/A       1%          3
 Hailstorm                Conj/Ice       96%        3d19      1%          4
 Leda's Liquefaction      Hex/Erth       28%        N/A       1%          4
 Irradiate                Conj/Tmut      45%        3d26      1%          5
 Ice Form                 Ice/Tmut       38%        N/A       2%          4
 Summon Ice Beast         Ice/Summ       38%        N/A       2%          4
 Alistair's Intoxication  Tmut/Pois      36%        N/A       2%          5
 Silence                  Hex/Air        28%        N/A       2%          5
 Summon Mana Viper        Hex/Summ       56%        N/A       2%          5
 Petrify                  Tmut/Erth      29%        N/A       4%          4
 Summon Lightning Spire   Summ/Air       29%        N/A       4%          4
 Agony                    Necr           29%        N/A       14%         5
 Blade Hands              Tmut           14%        N/A       14%         5
 Simulacrum               Ice/Necr       19%        N/A       38%         6
 Monstrous Menagerie      Summ           14%        N/A       98%         7
 Storm Form               Tmut/Air       14%        N/A       98%         7
 Maxwell's Capacitive Co  Air            14%        ∞         99%         8


Dungeon Overview and Level Annotations

Branches:
Dungeon (13/15)            Temple (1/1) D:4            Lair (5/5) D:10
 Shoals (0/4) Lair:3        Snake (0/4) Lair:3        Slime (0/5) Lair:4
    Orc (0/2) D:12
 Vaults: D:13-14

Altars:
Ashenzari
Cheibriados
Dithmenos
Elyvilon
Fedhas
Gozag
Hepliaklqana
Kikubaaqudgha
Makhleb
Nemelex Xobeh
Okawaru
Qazlal
Ru
Sif Muna
Trog
Uskayaw
Vehumet
Wu Jian
Xom
Yredelemnul
Zin
The Shining One
Jiyva

Shops:
D:1 =

Portals:
Trove: D:11 (give 2 scrolls of acquirement)

Annotations:
D:6 2 transporters


Message History

The mystic blast hits the dream sheep!!
You kill the dream sheep!
Vehumet accepts your kill.
You feel your power returning.
The mystic blast hits the cane toad!
The cane toad is moderately wounded.
The cane toad is knocked back by the mystic blast.
The mystic blast hits the cane toad.
The cane toad is lightly wounded.
The cane toad is knocked back by the mystic blast.
The mystic blast hits the komodo dragon!
The komodo dragon is moderately wounded.
The komodo dragon bites you.
A dream sheep comes into view. x2
Casting: Iskenderun's Mystic Blast (safe; 1% risk of failure)
Confirm with . or Enter, or press ? or * to list all spells.
You feel a surge of power!
You erupt in a blast of force!
The mystic blast hits the komodo dragon!!
The komodo dragon is almost dead.
You hear a bleat!
The komodo dragon misses you.
A dream sheep comes into view.
Casting: Iskenderun's Mystic Blast (safe; 1% risk of failure)
Confirm with . or Enter, or press ? or * to list all spells.
You feel a surge of power!
You erupt in a blast of force!
The mystic blast hits the cane toad!
The cane toad is heavily wounded.
The cane toad is knocked back by the mystic blast.
The cane toad collides with the dream sheep!
The dream sheep is almost dead.
The cane toad is severely wounded.
The mystic blast hits the komodo dragon!
You kill the komodo dragon!
Vehumet accepts your kill.
You feel your power returning.
The dream sheep are wreathed in dream dust.
You feel drowsy...
You fall asleep.
You stop ascending the stairs.
The cane toad stings you!!!
Ouch! That really hurt!
You die...

.. ........###
..# ....... .#
#............#
. ........... P
#....♣...♣.....
#..♣.....♣....
##.............
.......@†......
......F..!....<
....♣....F♣....
.....♣...♣.Y...
. .........Y. .
........###.Y..
... ...#. Y..
.|..... # ...


You could see 2 cane toads and 4 dream sheep.

Vanquished Creatures
  Harold (D:11)
  5 hydras
  A boulder beetle (D:13)
  3 two-headed ogres
  2 catoblepae (Lair:2)
  3 death yaks (Lair:4)
  Pikel (D:7)
  A will-o-the-wisp (Lair:4)
  An orc knight (D:12)
  2 cyclopes
  3 ugly things
  5 manticores
  Joseph (D:9)
  Maurice (D:12)
  4 black mambas
  2 gargoyles
  9 cane toads
  6 komodo dragons
  A rime drake (Lair:3)
  5 kobold demonologists
  2 polar bears
  A troll (D:10)
  4 hornets
  A wind drake (Lair:3)
  4 slime creatures (D:12)
  A dream sheep (Lair:5)
  A shadow (D:10)
  Sigmund (D:3)
  4 basilisks
  A water elemental (D:12)
  A wraith (D:11)
  7 wyverns
  54 yaks
  3 steam dragons
  8 vampire mosquitoes
  Grum (Lair:1)
  17 water moccasins
  3 acid dragons
  2 swamp drakes (Lair:4)
  4 orc warriors
  5 black bears
  3 ogres
  5 wolves (Lair:1)
  3 centaurs
  A lemure (D:7)
  2 phantoms
  3 kobold brigands
  9 bullfrogs
  2 necrophages
  3 scorpions
  A gnoll sergeant (D:10)
  8 wights
  15 killer bees
  An electric eel (D:12)
  3 howler monkeys (D:12)
  6 hounds
  A jelly (D:5)
  9 orc priests
  Crazy Yiuf (D:7)
  A gnoll bouda (D:6)
  4 hell rats (Lair:2)
  4 iguanas
  22 orc wizards
  13 gnolls
  14 adders
  8 river rats (Lair:2)
  A shadow imp (D:7)
  5 white imps
  3 ufetubi (D:5)
  A worm (D:4)
  4 dart slugs
  55 orcs
  12 ball pythons
  4 endoplasms
  2 giant cockroaches
  6 hobgoblins
  10 jackals
  23 kobolds
  4 quokkas
  5 bats
  2 frilled lizards
  9 goblins
  13 rats
  3 fulminant prisms
486 creatures vanquished.

Vanquished Creatures (others)
  An electric eel (D:12)
  4 foxfires (Lair:4)
  174 fulminant prisms
  36 fungi
  107 plants
322 creatures vanquished.

Grand Total: 808 creatures vanquished

Notes
Turn   | Place    | Note
-------+----------+-------------------------------------------
     0 | D:1      | Alarak the Deep Elf Conjurer began the quest for the Orb.
     0 | D:1      | Reached XP level 1. HP: 10/10 MP: 6/6
   217 | D:1      | Reached XP level 2. HP: 15/15 MP: 6/8
   274 | D:1      | Reached skill level 5 in Conjurations
   504 | D:1      | Reached skill level 1 in Hexes
  1083 | D:1      | Found Niynunt's Jewellery Boutique.
  1540 | D:2      | Reached XP level 3. HP: 19/19 MP: 7/9
  2549 | D:3      | Noticed Sigmund
  2558 | D:3      | Killed Sigmund
  2559 | D:3      | Reached XP level 4. HP: 24/24 MP: 5/10
  2559 | D:3      | Reached XP level 5. HP: 28/28 MP: 5/11
  2564 | D:3      | Learned a level 4 spell: Fulminant Prism
  2833 | D:3      | Found a snail-covered altar of Cheibriados.
  3101 | D:3      | Found a faded altar of an unknown god.
  3228 | D:4      | Found a staircase to the Ecumenical Temple.
  3259 | D:4      | Reached XP level 6. HP: 32/32 MP: 7/13
  3275 | Temple   | Entered the Ecumenical Temple
  3275 | Temple   | Found a transporter.
  3275 | Temple   | Found a transporter.
  3317 | Temple   | Found a transporter.
  3317 | Temple   | Found a transporter.
  3340 | Temple   | Became a worshipper of Vehumet
  3458 | D:4      | Reached skill level 4 in Spellcasting
  3733 | D:4      | Reached skill level 5 in Spellcasting
  3845 | D:4      | Reached skill level 6 in Spellcasting
  4293 | D:4      | Reached XP level 7. HP: 30/36 MP: 1/18
  4477 | D:4      | Reached skill level 7 in Spellcasting
  5106 | D:5      | Entered Level 5 of the Dungeon
  5768 | D:5      | Reached * piety under Vehumet
  5768 | D:5      | Offered knowledge of Foxfire by Vehumet.
  6304 | D:5      | Found a shimmering blue altar of Sif Muna.
  6443 | D:5      | Found an opulent altar of Gozag.
  6727 | D:6      | Reached XP level 8. HP: 41/41 MP: 11/20
  7129 | D:6      | Found a transporter.
  7167 | D:6      | Noticed a kobold demonologist
  7168 | D:6      | Noticed a kobold demonologist
  7173 | D:6      | Noticed a deep elf knight
  7185 | D:6      | Learned a level 3 spell: Stone Arrow
  7199 | D:6      | Found a transporter.
  7303 | D:6      | Reached skill level 10 in Conjurations
  7315 | D:6      | Found a bloodstained altar of Trog.
  7430 | D:6      | Reached ** piety under Vehumet
  7430 | D:6      | Offered knowledge of Scorch by Vehumet.
  7470 | D:6      | Reached skill level 8 in Spellcasting
  7967 | D:7      | Reached skill level 9 in Spellcasting
  7967 | D:7      | Reached XP level 9. HP: 28/45 MP: 16/24
  8009 | D:7      | Reached skill level 10 in Spellcasting
  8301 | D:7      | Offered knowledge of Static Discharge by Vehumet.
  8387 | D:7      | Noticed Pikel
  8394 | D:7      | Killed Pikel
  8395 | D:7      | Reached skill level 12 in Spellcasting
  8607 | D:7      | Found a runed translucent door.
  8608 | D:7      | Noticed Crazy Yiuf
  9167 | D:7      | Killed Crazy Yiuf
  9424 | D:8      | Reached XP level 10. HP: 37/50 MP: 20/28
  9536 | D:8      | Reached *** piety under Vehumet
 10093 | D:8      | Offered knowledge of Mephitic Cloud by Vehumet.
 10358 | D:8      | Learned a level 3 spell: Mephitic Cloud
 10623 | D:8      | Learned a level 4 spell: Iskenderun's Mystic Blast
 10628 | D:9      | Noticed Joseph
 10768 | D:9      | Killed Joseph
 11249 | D:9      | Noticed a smoke demon
 11253 | D:9      | Reached skill level 5 in Translocations
 11253 | D:9      | Upgraded the game from 0.29-a0-993-g4a18f31a58 to
                  | 0.29-a0-994-gc5c9f59d18
 11453 | D:9      | Identified the amulet of Megalomania {rElec Regen+ Str+2
                  | Dex+2 SInv}
 11616 | D:9      | Found a glowing silver altar of Zin.
 11700 | D:10     | Entered Level 10 of the Dungeon
 11704 | D:10     | Reached **** piety under Vehumet
 11741 | D:10     | Offered knowledge of Ignite Poison by Vehumet.
 11746 | D:10     | Reached XP level 11. HP: 31/54 MP: 9/29
 12083 | D:10     | Found a staircase to the Lair.
 12124 | D:10     | Noticed a two-headed ogre
 12127 | D:10     | Killed a two-headed ogre
 12518 | D:11     | Learned a level 3 spell: Ignite Poison
 12636 | D:11     | Reached skill level 15 in Conjurations
 12841 | D:11     | Found a portal to a secret trove of treasure.
 12865 | D:11     | Reached skill level 5 in Dodging
 12990 | D:11     | Reached ***** piety under Vehumet
 12990 | D:11     | Offered knowledge of Ozocubu's Refrigeration by Vehumet.
 12990 | D:11     | Noticed a white ugly thing
 12996 | D:11     | Killed a white ugly thing
 13165 | D:11     | Noticed Harold
 13177 | D:11     | Killed Harold
 13368 | D:11     | Found a shimmering altar of Xom.
 13369 | D:11     | Found a shimmering altar of Xom.
 13372 | D:11     | Found a shimmering altar of Xom.
 13373 | D:11     | Found a shimmering altar of Xom.
 13572 | D:12     | Noticed a two-headed ogre
 13576 | D:12     | Killed a two-headed ogre
 13631 | D:12     | Noticed Maurice
 13638 | D:12     | Killed Maurice
 13766 | D:12     | Reached XP level 12. HP: 11/59 MP: 19/30
 14029 | D:12     | Identified the +0 robe of Indecent Exposure {Str+4 Int+4}
 14348 | D:12     | Reached skill level 13 in Spellcasting
 15172 | D:12     | Found a staircase to the Orcish Mines.
 15227 | D:12     | Reached skill level 14 in Spellcasting
 15340 | D:13     | Noticed a boulder beetle
 15340 | D:13     | Noticed a two-headed ogre
 15343 | D:13     | Killed a two-headed ogre
 15357 | D:13     | Killed a boulder beetle
 15450 | D:13     | Reached skill level 15 in Spellcasting
 15607 | D:13     | Learned a level 4 spell: Olgreb's Toxic Radiance
 15638 | D:13     | Reached skill level 1 in Poison Magic
 16173 | Lair:1   | Entered Level 1 of the Lair of Beasts
 16214 | Lair:1   | Reached skill level 5 in Poison Magic
 16356 | Lair:1   | Noticed Grum
 16362 | Lair:1   | Killed Grum
 17359 | Lair:2   | Noticed a four-headed hydra
 17364 | Lair:2   | Killed a four-headed hydra
 17413 | Lair:2   | Noticed a four-headed hydra
 17421 | Lair:2   | Killed a four-headed hydra
 17459 | Lair:2   | Noticed a catoblepas
 17469 | Lair:2   | Killed a catoblepas
 17613 | Lair:2   | Reached XP level 13. HP: 63/63 MP: 26/34
 18394 | Lair:3   | Reached skill level 16 in Spellcasting
 18688 | Lair:3   | Found a staircase to the Snake Pit.
 18748 | Lair:3   | Reached skill level 17 in Spellcasting
 18986 | Lair:3   | Found a staircase to the Shoals.
 19565 | Lair:4   | Reached skill level 18 in Spellcasting
 19583 | Lair:4   | Reached skill level 1 in Ice Magic
 19657 | Lair:4   | Found a viscous altar of Jiyva.
 19658 | Lair:4   | Found a staircase to the Slime Pits.
 19742 | Lair:4   | Offered knowledge of Starburst by Vehumet.
 19807 | Lair:4   | Learned a level 6 spell: Starburst
 19953 | Lair:4   | Identified the +2 plate armour "Womeg" {Harm rCorr Str+4
                  | Int-3}
 20833 | Lair:5   | Entered Level 5 of the Lair of Beasts
 20975 | Lair:4   | HP: 3/63 [poisoned by a cane toad]
 21283 | Lair:5   | Demolished by a cane toad

Illustrated notes

Levels and vault maps discovered:
D:1:      lemuel_arrival_hallway, layout_basic, serial_shops, shop_statue,
          grunt_decor_cap
D:2:      layout_basic
D:3:      layout_rooms, kennysheep_slug_shrine,
          hellmonk_ecumenical_altar_leap_of_faith, uniq_sigmund
D:4:      cheibrodos_barr_body, layout_layer_cave, minmay_temple_entry_hall,
          nrook_loot_triangle
D:5:      layout_loops_corners, mainiacjoe_overflow_swirl
D:6:      gammafunk_wand_slinger, layout_loops_corners, trog_ov_bears_minmay
D:7:      layout_loops_corners, serial_park_tiny_1, uniq_crazy_yiuf_cottage,
          uniq_pikel
D:8:      layout_loops_cross
D:9:      layout_rooms, zin_academy, uniq_joseph
D:10:     layout_long_grid, minmay_lair_entry_grove
D:11:     layout_basic, enter_trove_6, nicolae_eternal_life, xom_redecorated,
          uniq_harold
D:12:     layout_irregular_city, erik_orc_2, serial_co_window_serial,
          co_window_paths_a, co_window_paths_a, co_window_paths_b,
          co_window_corner_a, co_window_of_opportunity_a, co_window_broadway_c,
          co_window_cross_3, co_window_corner_b, glass_columns_b,
          glass_columns_b, minmay_crystal_room, chequers_serial_rivers_room_a,
          skrybe_limestone_x, uniq_maurice
D:13:     layout_roguey
Temple:   hellmonk_temple_divided_pantheon
Lair:1:   minmay_lair_venomous_thicket, layout_long_grid,
          infiniplex_staircase_pool, uniq_grum
Lair:2:   layout_roguey, kennysheep_abandoned_house
Lair:3:   layout_roguey, minmay_shoals_entry_beasts,
          minmay_snake_entry_six_corridors
Lair:4:   cheibrodos_lair_overgrown_chateau, layout_loops_ring, slime_entry_1,
          pond
Lair:5:   due_jungle_book, layout_cave_pods, minivault_24,
          grunt_forest_stairs_basic, lemuel_fruit_fields

Skill      XL: |  1  2  3  4  5  6  7  8  9 10 11 12 13 |
---------------+----------------------------------------+-----
Conjurations   | 5 7 10 11 13 15 16 | 16.6
Hexes          | 2 6 7 8 |  8.8
Spellcasting   | 6 7 9 12 15 18 | 18.1
Translocations | 5 |  5.5
Dodging        | 9 |  9.3
Poison Magic   | 8 |  8.1
Ice Magic      | 2 |  2.6
Stealth        | |  2.4

Action                   |  1- 3 |  4- 6 |  7- 9 | 10-12 | 13-15 || total
-------------------------+-------+-------+-------+-------+-------++-------
Melee: Spear             |     8 |     2 |    20 |     2 |       ||    32
 Cast: Magic Dart        |    75 |    41 |     1 |       |       ||   117
       Fulminant Prism   |       |    15 |    77 |    80 |     5 ||   177
       Stone Arrow       |       |       |    21 |   142 |    74 ||   237
       Iskenderun's Myst |       |       |       |    44 |    32 ||    76
       Mephitic Cloud    |       |       |       |    27 |     3 ||    30
       Ignite Poison     |       |       |       |    21 |    28 ||    49
       Olgreb's Toxic Ra |       |       |       |    16 |    40 ||    56
       Starburst         |       |       |       |       |     1 ||     1
  Use: Scroll            |     3 |       |    13 |     5 |     5 ||    26
Armor: Robe              |       |     3 |     4 |       |     2 ||     9
       Steam dragon scal |       |       |     1 |     9 |       ||    10
Dodge: Dodged            |     7 |     8 |    27 |    44 |    15 ||   101

Table legend: (Time is in decaauts)
 A = Elapsed time spent in this place.
 B = Non-inter-level travel time spent in this place.
 C = Inter-level travel time spent in this place.
 D = Time resting spent in this place.
 E = Time spent auto-exploring this place.
 F = Levels seen in this place.
 G = Mean time per level.
                   A        B        C        D        E       F      G
               +--------+--------+--------+--------+--------+-----+--------+
         Total |  21293 |  20273 |   1020 |   5462 |  12626 |  19 | 1120.7 |
       Dungeon |  16073 |  15338 |    735 |   4140 |   9620 |  13 | 1236.4 |
        Temple |    109 |     57 |     52 |      0 |     46 |   1 |  109.0 |
          Lair |   5110 |   4877 |    233 |   1322 |   2959 |   5 | 1022.0 |
               +--------+--------+--------+--------+--------+-----+--------+

Top non-repeatable levels by time:
  Lair:4: 1828 daAuts
    D:12: 1810 daAuts
     D:8: 1767 daAuts
     D:4: 1673 daAuts
     D:1: 1518 daAuts
     D:5: 1465 daAuts
     D:6: 1319 daAuts
     D:7: 1304 daAuts
  Lair:1: 1271 daAuts
  Lair:3: 1050 daAuts
    D:11: 1013 daAuts
  Lair:2: 939 daAuts
     D:2: 930 daAuts
     D:3: 910 daAuts
     D:9: 860 daAuts
